 Dungeon Crawl Stone Soup version 0.21-a0-233-g0929f2e (webtiles) character file.

2863 Chiseanne the Covert (level 9, -4/41 HPs)
             Began as a Spriggan Assassin on Sept 2, 2017.
             Was a Follower of Wu Jian.
             Slain by a bullfrog (9 damage)
             ... on level 9 of the Dungeon.
             The game lasted 00:23:46 (6324 turns).

Chiseanne the Covert (Spriggan Assassin)            Turns: 6324, Time: 00:23:47

Health: -4/41      AC:  2    Str:  7    XL:     9   Next: 47%
Magic:  10/10      EV: 28    Int: 12    God:    Wu Jian [*.....]
Gold:   279        SH:  0    Dex: 21    Spells: 7/8 levels left

rFire    . . .     SeeInvis +   e - +0 hand crossbow of Amorality {velocity, rPois rC++ MR- Stlth+}
rCold    + + .     Gourm    .   (shield restricted)
rNeg     + . .     Faith    .   K - +0 robe (curse)
rPois    +         Spirit   .   (helmet restricted)
rElec    .         Reflect  .   u - scarf {repulsion}
rCorr    .         Harm     .   (gloves unavailable)
MR       .....                  (boots unavailable)
Stlth    +++++++...             v - amulet of regeneration
HPRegen  0.53/turn              t - ring of positive energy
MPRegen  0.12/turn              (no ring)

@: repel missiles, very quick
A: unfitting armour, see invisible, herbivore 3, speed 3, slow metabolism 2
a: Renounce Religion


You were on level 9 of the Dungeon.
You worshipped Wu Jian.
Wu Jian was aware of your devotion.
You were full.

You visited 1 branch of the dungeon, and saw 9 of its levels.

You collected 279 gold pieces.

Inventory:

Hand Weapons
 a - a +3 dagger
 e - the +0 hand crossbow of Amorality (weapon) {velocity, rPois rC++ MR- Stlth+}
   (You found it on level 5 of the Dungeon)

   Any bolt fired from it inflicts extra damage.
   It greatly protects you from cold.
   It protects you from poison.
   It affects your resistance to hostile enchantments.
   It makes you more stealthy.
 w - a +0 blowgun
 y - a +0 rapier
Missiles
 f - a curare-tipped needle
 h - 75 bolts (quivered)
 i - 247 stones
 j - 11 tomahawks
 l - 11 sling bullets
 o - 56 arrows
 B - 52 poisoned needles
Armour
 u - a scarf of repulsion (worn)
 K - a cursed +0 robe (worn)
Jewellery
 t - a ring of positive energy (left hand)
 v - an amulet of regeneration (around neck)
Wands
 d - a wand of polymorph (17/24)
 A - a wand of paralysis (0/24)
 L - a wand of confusion (0/48)
Scrolls
 q - 2 scrolls of teleportation
 F - 2 scrolls of immolation
 H - 2 scrolls of remove curse
 I - a scroll of blinking
Potions
 b - 4 potions of invisibility
 c - a potion of cancellation {unknown}
 k - 2 potions of haste
 n - 3 potions of might
 p - a potion of agility {unknown}
 r - 2 potions of berserk rage
 s - a potion of curing
 x - a potion of magic {unknown}
 z - a potion of flight {unknown}
 C - a potion of resistance {unknown}
 E - a potion of brilliance {unknown}
Comestibles
 g - 4 bread rations
 m - 3 royal jellies
 D - 2 fruits


   Skills:
 - Level 1.5 Fighting
 + Level 5.9 Short Blades
 * Level 6.0 Crossbows
 - Level 2.0 Throwing
 * Level 10.1 Dodging
 * Level 12.8 Stealth


You had 7 spell levels left.
You knew the following spells:

 Your Spells              Type           Power        Failure   Level  Hunger
a - Apportation           Tloc           #.....       32%         1    ##.....


Dungeon Overview and Level Annotations

Branches:
Dungeon (9/15)
 Temple: D:4-7         Lair: D:8-11         Orc: D:9-12

Altars:
Ashenzari
Cheibriados
Elyvilon
Kikubaaqudgha
Makhleb
Nemelex Xobeh
Okawaru
Sif Muna
Wu Jian
Xom
The Shining One

Annotations:
D:5 Pikel
D:9 Grum


Innate Abilities, Weirdness & Mutations

You are very small and have problems with some larger weapons.
You are too small for most types of armour.
You have supernaturally acute eyesight. (SInv)
You are a herbivore.
You cover ground extremely quickly.
You need consume almost no food.


Message History

You shoot a bolt.
The bolt hits the bullfrog but does no damage.
The bullfrog is moderately wounded.
The bullfrog hits you.
* * * LOW HITPOINT WARNING * * *
The bullfrog barely misses you.
Firing (i - inventory. (,) - cycle):
h - 77 bolts (quivered)
Press: ? - help, Shift-Dir - straight line, f/p - bullfrog
Aim: a bullfrog (moderately wounded)
You shoot a bolt. The bolt closely misses the bullfrog.
The bullfrog hits you.
* * * LOW HITPOINT WARNING * * *
The bullfrog hits you.
* * * LOW HITPOINT WARNING * * *
Firing (i - inventory. (,) - cycle):
h - 76 bolts (quivered)
Press: ? - help, Shift-Dir - straight line, f/p - bullfrog
Aim: a bullfrog (moderately wounded)
You shoot a bolt. The bolt hits the bullfrog.
The bullfrog is severely wounded.
The bullfrog hits you!
You die...

#####+#####.......#
###.....# ###.###
#.# ##†### #(...#
#(...# #F...#
#@...# #....#
#....# +....#
#....# ###+##


You could see a bullfrog.

Vanquished Creatures
  A two-headed ogre (D:8)
  Grinder (D:5)
  2 sky beasts
  An ice beast (D:9)
  2 phantoms
  An ogre (D:5)
  3 wolves (D:9)
  2 bullfrogs
  A scorpion (D:6)
  2 wights
  7 killer bees
  A bullfrog zombie (D:8)
  A quasit (D:8)
  2 crimson imps
  A jelly (D:8)
  An orc priest (D:8)
  A centaur skeleton (D:3)
  A hound (D:8)
  A bullfrog skeleton (D:4)
  Ijyb (D:4)
  Natasha (twice) (D:4)
  An iguana (D:6)
  5 worker ants
  7 gnolls
  4 adders
  A shadow imp (D:8)
  An ooze (D:2)
  3 worms
  2 dart slugs
  2 leopard geckos
  6 orcs (D:3)
  7 bats
  4 giant cockroaches
  11 goblins
  6 hobgoblins
  2 jackals (D:6)
  5 quokkas
  A ball python (D:3)
  2 frilled lizards
  11 kobolds
  A quokka skeleton (D:5)
  10 rats
127 creatures vanquished.

Vanquished Creatures (others)
  A human (D:6)
  A worm (D:2)
  3 fungi (D:9)
  4 plants (D:9)
9 creatures vanquished.

Grand Total: 136 creatures vanquished

Notes
Turn   | Place    | Note
-------+----------+-------------------------------------------
     0 | D:1      | Chiseanne the Spriggan Assassin began the quest for the Orb.
     0 | D:1      | Reached XP level 1. HP: 10/10 MP: 2/2
    74 | D:1      | Reached skill level 6 in Stealth
   470 | D:1      | Found a shimmering altar of Xom.
   485 | D:1      | Reached XP level 2. HP: 14/14 MP: 3/3
  1234 | D:1      | Reached XP level 3. HP: 16/18 MP: 4/4
  1873 | D:2      | Found a snail-covered altar of Cheibriados.
  2285 | D:2      | Reached XP level 4. HP: 22/22 MP: 5/5
  2567 | D:3      | Found a deep blue altar of Sif Muna.
  2733 | D:3      | Found an ancient bone altar of Kikubaaqudgha.
  2735 | D:3      | Found a glowing golden altar of the Shining One.
  2736 | D:3      | Found a shimmering altar of Xom.
  2738 | D:3      | Found a shattered altar of Ashenzari.
  2742 | D:3      | Found a white marble altar of Elyvilon.
  2772 | D:3      | Reached skill level 7 in Stealth
  3144 | D:3      | Found a burning altar of Makhleb.
  3144 | D:3      | Noticed a green death
  3147 | D:3      | Noticed a ynoxinul
  3147 | D:3      | Noticed a hellwing
  3241 | D:3      | Reached XP level 5. HP: 25/25 MP: 6/6
  3550 | D:4      | Reached skill level 5 in Dodging
  3568 | D:4      | Noticed Ijyb
  3575 | D:4      | Killed Ijyb
  3662 | D:4      | Noticed Natasha
  3668 | D:4      | Killed Natasha
  3668 | D:4      | Reached skill level 8 in Stealth
  3734 | D:4      | Reached XP level 6. HP: 23/30 MP: 7/7
  3781 | D:4      | Noticed Natasha
  3786 | D:4      | Killed Natasha
  3791 | D:5      | Entered Level 5 of the Dungeon
  3949 | D:5      | Noticed Grinder
  3955 | D:5      | Killed Grinder
  3955 | D:5      | Reached skill level 9 in Stealth
  3955 | D:5      | Reached XP level 7. HP: 33/33 MP: 8/8
  3996 | D:5      | Got a transparent hand crossbow
  3997 | D:5      | Identified the cursed +0 hand crossbow of Amorality {velocity, rPois rC++ MR- Stlth+} (You found it on level 5 of the Dungeon)
  4285 | D:5      | Found an ornate altar of the Wu Jian Council.
  4286 | D:5      | Found a sparkling altar of Nemelex Xobeh.
  4295 | D:5      | Became a worshipper of the Wu Jian Council
  4303 | D:5      | Reached skill level 1 in Crossbows
  4410 | D:5      | Found an iron altar of Okawaru.
  4684 | D:5      | Noticed Pikel
  4711 | D:6      | Found an ancient bone altar of Kikubaaqudgha.
  4712 | D:6      | Noticed a human
  4718 | D:6      | Killed a human
  4733 | D:6      | Reached skill level 10 in Stealth
  5391 | D:8      | Reached * piety under Wu Jian
  5391 | D:8      | Reached XP level 8. HP: 37/37 MP: 9/9
  5638 | D:8      | Noticed a two-headed ogre
  5704 | D:8      | Killed a two-headed ogre
  5704 | D:8      | Reached skill level 5 in Short Blades
  5704 | D:8      | Reached skill level 11 in Stealth
  5757 | D:8      | Reached skill level 5 in Crossbows
  5786 | D:8      | Reached XP level 9. HP: 14/41 MP: 10/10
  5791 | D:8      | Reached skill level 12 in Stealth
  5863 | D:8      | Learned a level 1 spell: Apportation
  6251 | D:9      | Noticed Grum
  6256 | D:9      | Reached skill level 10 in Dodging
  6324 | D:9      | Slain by a bullfrog

Vault maps used:
D:1:      dpeg_arrival_yet_another_circle, st_stairs_3, xom_teletrap_fun
D:2:      lemuel_doored_altar, corexii_hall_statues_i, st_stairs_11,
          lemuel_old_faithful
D:3:      makhleb_altar_promises_db, minitemple
D:4:      serial_shops, shop, uniq_natasha, uniq_ijyb
D:5:      overflow_temple_1_default, lemuel_round_altar,
          nemelex_xobeh_ov_fountains_minmay, first_bread, uniq_pikel,
          uniq_grinder
D:6:      lemuel_temple_firewalk_a, tgw_kikubaaqudgha
D:7:      overflow_temple_1_default, serial_shops, shop
D:8:      lemuel_ice_spiral_2, nicolae_qazlal_eye_of_the_storm
D:9:      lemuel_crystal_altar, grunt_lair_entry_orc_guard_hut, the_bakery,
          uniq_grum

Skill      XL: |  1  2  3  4  5  6  7  8  9 |
---------------+----------------------------+-----
Stealth        | 6 7 8 9 10 11 12 | 12.8
Dodging        | 2 3 4 5 6 7 9 10 | 10.1
Short Blades   | 3 4 5 |  5.9
Crossbows      | 3 5 6 |  6.0
Fighting       | |  1.5
Throwing       | |  2.0

Action                   |  1- 3 |  4- 6 |  7- 9 || total
-------------------------+-------+-------+-------++-------
Melee: Dagger            |   130 |    84 |   133 ||   347
 Fire: Blowgun           |    25 |    14 |    77 ||   116
       Hand crossbow     |       |       |    97 ||    97
Throw: Stone             |       |     5 |       ||     5
Evoke: Wand              |       |     7 |    16 ||    23
  Use: Scroll            |     3 |     9 |     7 ||    19
       Potion            |       |       |     2 ||     2
 Stab: Sleeping          |    12 |    17 |    11 ||    40
       Distracted        |       |     1 |       ||     1
       Paralysed         |       |     4 |     2 ||     6
       Confused          |       |       |     3 ||     3
  Eat: Royal jelly       |       |     3 |       ||     3
       Fruit             |       |     1 |       ||     1
Armor: Robe              |    11 |     2 |     9 ||    22
Dodge: Dodged            |    93 |    59 |   219 ||   371

Table legend:
 A = Spawn XP
 B = Non-spawn XP
 C = Spawn XP percentage of total XP
 D = Spawn monster count
 E = Non-spawn monster count
 F = Spawn count percentage of total count
 G = Total turns spent on level
                    A         B        C        D         E        F      G
               +---------+---------+-------+---------+---------+-------+---------
         Total |    1199 |    2891 |  29.3 |      16 |     111 |  12.6 |  6324
               +---------+---------+-------+---------+---------+-------+---------
           D:1 |       6 |      37 |  14.0 |       4 |      21 |  16.0 |  1363
           D:2 |       2 |      58 |   3.3 |       2 |      20 |   9.1 |  1178
           D:3 |       1 |      93 |   1.1 |       1 |      21 |   4.5 |   999
           D:4 |       2 |     268 |   0.7 |       1 |       8 |  11.1 |   251
           D:5 |      40 |     445 |   8.2 |       3 |       5 |  37.5 |   905
           D:6 |       0 |     254 |   0.0 |       0 |       7 |   0.0 |   302
           D:7 |       0 |     194 |   0.0 |       0 |       5 |   0.0 |   236
           D:8 |    1148 |     606 |  65.5 |       5 |      15 |  25.0 |   843
           D:9 |       0 |     936 |   0.0 |       0 |       9 |   0.0 |   247
               +---------+---------+-------+---------+---------+-------+---------
